 Dungeon Crawl Stone Soup version 0.30-a0-860-g512cf1e979 (webtiles) character file.

Game seed: 9666053643074356697

83 PLAYERX the Covered (level 4, -3/34 HPs)
             Began as a Gnoll Wanderer on Mar 6, 2023.
             Killed from afar by Ijyb (15 damage)
             ... with a bolt of dispelling energy
             ... on level 3 of the Dungeon on Mar 7, 2023.
             The game lasted 00:12:04 (1862 turns).

PLAYERX the Covered (Gnoll Wanderer)                Turns: 1862, Time: 00:12:04

Health: -3/34      AC:  9    Str: 14    XL:     4   Next: 44%
Magic:  8/8        EV:  9    Int: 12    God:
Gold:   85         SH:  0    Dex: 10    Spells: 7/9 levels left

rFire   . . .      SeeInvis .    a - +2 whip (flame)
rCold   . . .      Faith    .    (no shield)
rNeg    . . .      Spirit   .    b - +0 scale mail
rPois   .          Reflect  .    (no helmet)
rElec   .          Rampage  .    (no cloak)
rCorr   .                        (no gloves)
Will    .....                    g - +0 pair of boots Stlth
                                 h - amulet of magic regeneration
HPRegen 0.25/turn                (no ring)
MPRegen 0.51/turn                (no ring)

@: no status effects
A: fangs 1, strong nose, distributed training
a: no special abilities


You were on level 3 of the Dungeon.
You visited 1 branch of the dungeon, and saw 3 of its levels.

You collected 85 gold pieces.

Inventory:

Hand Weapons
 a - a +2 whip of flaming (weapon)
Armour
 b - a +0 scale mail (worn)
 g - a +0 pair of boots (worn)
Jewellery
 h - an amulet of magic regeneration (around neck)
Scrolls
 d - 2 scrolls of amnesia {unknown}
 e - 3 scrolls of identify {unknown}
 k - a scroll of fear {unknown}
Potions
 c - a potion of lignification
 f - a potion of attraction {unknown}
 i - a potion of flight {unknown}
 j - 2 potions of curing
 l - a potion of haste {unknown}


   Skills:
 + Level 2.8 Fighting
 + Level 1.2 Short Blades
 + Level 1.2 Long Blades
 + Level 1.2 Axes
 + Level 1.2 Maces & Flails
 + Level 1.2 Polearms
 + Level 1.2 Staves
 + Level 6.6 Ranged Weapons
 + Level 1.2 Throwing
 + Level 6.6 Armour
 + Level 1.2 Dodging
 + Level 1.2 Stealth
 + Level 1.2 Shields
 + Level 1.2 Unarmed Combat
 + Level 3.0 Spellcasting
 + Level 3.8 Conjurations
 + Level 1.0 Hexes
 + Level 1.0 Summonings
 + Level 1.0 Necromancy
 + Level 1.0 Translocations
 + Level 1.0 Transmutations
 + Level 1.0 Fire Magic
 + Level 1.0 Ice Magic
 + Level 1.0 Air Magic
 + Level 1.0 Earth Magic
 + Level 1.0 Poison Magic
 + Level 1.3 Invocations
 + Level 1.2 Evocations


You had 7 spell levels left.
You knew the following spells:

 Your Spells              Type           Power      Damage    Failure   Level
a - Magic Dart            Conj           44%        1d5       19%         1
b - Foxfire               Conj/Fire      28%        2x1d5     32%         1

Your spell library contained the following spells:

 Spells                   Type           Power      Damage    Failure   Level
 Kiss of Death            Conj/Necr      28%        2d7       32%         1
 Summon Small Mammal      Summ           16%        N/A       52%         1
 Hailstorm                Conj/Ice       7%         3d4       69%         3
 Call Canine Familiar     Summ           4%         N/A       87%         3
 Confusing Touch          Hex            4%         N/A       87%         3
 Summon Guardian Golem    Hex/Summ       4%         N/A       87%         3
 Dispel Undead            Necr           4%         3d7       99%         4


Dungeon Overview and Level Annotations

Branches:
Dungeon (3/15)

Altars:

Annotations:
D:3 Ijyb


Innate Abilities, Weirdness & Mutations

You have very sharp teeth.
Your uncanny sense of smell can sniff out nearby items.
Your experience applies equally to all skills.


Message History

You hit Ijyb. You burn Ijyb.
Ijyb is heavily wounded.
Ijyb closely misses you.
You closely miss Ijyb. Your bite misses Ijyb.
Ijyb is heavily wounded.
Ijyb zaps a wand.
The bolt of dispelling energy hits you.
* * * LOW HITPOINT WARNING * * *
You hit Ijyb. You burn Ijyb.
Ijyb is severely wounded.
Ijyb barely misses you.
You barely miss Ijyb. Your bite misses Ijyb.
Ijyb is severely wounded.
Ijyb hits you but does no damage.
You barely miss Ijyb.
Ijyb is severely wounded.
Ijyb zaps a wand.
The bolt of dispelling energy misses you.
You barely miss Ijyb.
Ijyb is severely wounded.
Ijyb hits you but does no damage.
You barely miss Ijyb. You bite Ijyb, but do no damage.
Ijyb is severely wounded.
Ijyb hits you but does no damage.
Your magical contamination has completely faded away.
You closely miss Ijyb.
Ijyb is severely wounded.
Ijyb hits you but does no damage.
You barely miss Ijyb.
Ijyb is severely wounded.
Ijyb hits you but does no damage.
You hit Ijyb but do no damage.
Ijyb is severely wounded.
Ijyb closely misses you.
You hit Ijyb but do no damage.
Ijyb is severely wounded.
Ijyb hits you but does no damage.
You hit Ijyb but do no damage.
Ijyb is severely wounded.
Ijyb zaps a wand.
The bolt of dispelling energy hits you!
You die...

.. ..=.... ...
..#...
.#.#+##....###
.............##
...........#..#
...........#..#
..............##
#..g@.#.....##
#.#..........## #
#..##.......##
#.#.............
###
...........#...# ..
#.....#........##.#
#####.#.####.#.#..#
#...## #.#.#.#
#....###.#...####


You could see Ijyb.

Vanquished Creatures
  3 adders (D:2)
  A worm (D:2)
  4 ball pythons
  3 endoplasms (D:2)
  8 goblins
  6 hobgoblins
  6 jackals
  5 kobolds
  3 quokkas
  4 bats
  4 frilled lizards
  3 rats
50 creatures vanquished.

Notes
Turn   | Place    | Note
-------+----------+-------------------------------------------
     0 | D:1      | PLAYERX the Gnoll Wanderer began the quest for the Orb.
     0 | D:1      | PLAYERX set off with the following items: a +0 sling, a +0
                  | scale mail, a potion of lignification; and the following
                  | spells available to memorise: Magic Dart, Foxfire,
                  | Hailstorm.
     0 | D:1      | Reached XP level 1. HP: 17/17 MP: 4/4
    73 | D:1      | Learned a level 1 spell: Magic Dart
    75 | D:1      | Learned a level 1 spell: Foxfire
   194 | D:1      | Reached XP level 2. HP: 21/23 MP: 5/5
   614 | D:1      | Reached XP level 3. HP: 28/28 MP: 5/7
   851 | D:1      | Upgraded the game from 0.30-a0-859-gf88a04b62d to
                  | 0.30-a0-860-g512cf1e979
   997 | D:2      | Reached skill level 1 in Invocations
  1099 | D:2      | Reached skill level 1 in Short Blades
  1099 | D:2      | Reached skill level 1 in Long Blades
  1099 | D:2      | Reached skill level 1 in Axes
  1099 | D:2      | Reached skill level 1 in Maces & Flails
  1099 | D:2      | Reached skill level 1 in Polearms
  1099 | D:2      | Reached skill level 1 in Staves
  1099 | D:2      | Reached skill level 1 in Throwing
  1099 | D:2      | Reached skill level 1 in Dodging
  1099 | D:2      | Reached skill level 1 in Stealth
  1099 | D:2      | Reached skill level 1 in Shields
  1099 | D:2      | Reached skill level 1 in Unarmed Combat
  1099 | D:2      | Reached skill level 1 in Evocations
  1162 | D:2      | Reached XP level 4. HP: 16/34 MP: 8/8
  1692 | D:2      | Reached skill level 1 in Hexes
  1692 | D:2      | Reached skill level 1 in Summonings
  1692 | D:2      | Reached skill level 1 in Necromancy
  1692 | D:2      | Reached skill level 1 in Translocations
  1692 | D:2      | Reached skill level 1 in Transmutations
  1692 | D:2      | Reached skill level 1 in Fire Magic
  1692 | D:2      | Reached skill level 1 in Ice Magic
  1692 | D:2      | Reached skill level 1 in Air Magic
  1692 | D:2      | Reached skill level 1 in Earth Magic
  1692 | D:2      | Reached skill level 1 in Poison Magic
  1841 | D:3      | Noticed Ijyb
  1862 | D:3      | Killed from afar by Ijyb

Illustrated notes

Levels and vault maps discovered:
D:1:      amcnicky_arrival_flooded_fountain, layout_loops_ring,
          corexii_item_surrounded_by_moat, hangedman_feature_mirror
D:2:      layout_loops_ring
D:3:      minmay_evil_eye, layout_basic, kennysheep_decorative_pillar, uniq_ijyb

Skill      XL: |  1  2  3  4 |
---------------+-------------+-----
Invocations    | 1 |  1.3
Short Blades   | 1 |  1.2
Long Blades    | 1 |  1.2
Axes           | 1 |  1.2
Maces & Flails | 1 |  1.2
Polearms       | 1 |  1.2
Staves         | 1 |  1.2
Throwing       | 1 |  1.2
Dodging        | 1 |  1.2
Stealth        | 1 |  1.2
Shields        | 1 |  1.2
Unarmed Combat | 1 |  1.2
Evocations     | 1 |  1.2
Spellcasting   | 3 |  3.0
Hexes          | 1 |  1.0
Summonings     | 1 |  1.0
Necromancy     | 1 |  1.0
Translocations | 1 |  1.0
Transmutations | 1 |  1.0
Fire Magic     | 1 |  1.0
Ice Magic      | 1 |  1.0
Air Magic      | 1 |  1.0
Earth Magic    | 1 |  1.0
Poison Magic   | 1 |  1.0
Fighting       | |  2.8
Ranged Weapons | |  6.6
Armour         | |  6.6
Conjurations   | |  3.8

Action                     |  1- 3 |  4- 6 || total
---------------------------+-------+-------++-------
  Melee: Dagger            |    33 |       ||    33
         Hand axe          |     6 |       ||     6
         Bite              |     8 |     4 ||    12
         Punch             |     1 |       ||     1
         Whip              |    66 |    24 ||    90
   Cast: Magic Dart        |     9 |    23 ||    32
    Use: Potion            |       |     1 ||     1
 Armour: Scale mail        |    50 |    10 ||    60
  Dodge: Dodged            |    39 |     8 ||    47

Table legend: (Time is in decaauts)
 A = Elapsed time spent in this place.
 B = Non-inter-level travel time spent in this place.
 C = Inter-level travel time spent in this place.
 D = Time resting spent in this place.
 E = Time spent auto-exploring this place.
 F = Levels seen in this place.
 G = Mean time per level.
                   A        B        C        D        E       F      G
               +--------+--------+--------+--------+--------+-----+--------+
         Total |   1854 |   1826 |     28 |    179 |   1147 |   3 |  618.0 |
       Dungeon |   1854 |   1826 |     28 |    179 |   1147 |   3 |  618.0 |
               +--------+--------+--------+--------+--------+-----+--------+

Top non-repeatable levels by time:
     D:1: 916 daAuts
     D:2: 852 daAuts
     D:3: 86 daAuts
